 Dungeon Crawl Stone Soup version 0.29-a0-887-gcbe080d7e0 (webtiles) character file.

Game seed: 13881152995568091944

2541 jimonade the Covert (level 9, -1/71 HPs)
             Began as a Gnoll Brigand on July 21, 2022.
             Was a Priest of Okawaru.
             Slain by a two-headed ogre
             ... wielding a +0 giant club
              (15 damage)
             ... on level 7 of the Dungeon.
             The game lasted 00:21:59 (10355 turns).

jimonade the Covert (Gnoll Brigand)                Turns: 10355, Time: 00:22:00

Health: -1/71      AC: 16    Str: 14    XL:     9   Next: 55%
Magic:  24/24      EV:  7    Int: 18    God:    Okawaru [***...]
Gold:   439        SH:  7    Dex: 13    Spells: 17/17 levels left

rFire   . . .      SeeInvis .   a - +1 short sword (elec)
rCold   . . .      Faith    .   f - +2 buckler
rNeg    . . .      Spirit   .   S - +2 chain mail {rPois}
rPois   +          Reflect  .   q - +2 helmet
rElec   .          Harm     .   y - +0 cloak
rCorr   .          Rampage  .   (no gloves)
Will    .....                   (no boots)
Stlth   +.........              u - amulet of magic regeneration
HPRegen 0.21/turn               t - ring of magical power
MPRegen 0.59/turn               H - +6 ring of intelligence

@: no status effects
A: fangs 1, strong nose, distributed training
a: Renounce Religion, Heroism


You were on level 7 of the Dungeon.
You worshipped Okawaru.
Okawaru was most pleased with you.
You visited 1 branch of the dungeon, and saw 7 of its levels.

You collected 439 gold pieces.

Inventory:

Hand Weapons
 a - a +1 short sword of electrocution (weapon)
 b - a +1 short sword of venom
 c - a +2 spear of freezing
 j - a +0 hand axe
 k - a +0 whip
 C - a +1 shortbow of flaming
 E - a +0 sling
 F - a +2 dagger of speed
 J - a +0 shortbow
 M - a +0 rapier
 T - a +2 dagger of protection
 X - the +7 dagger of Fate {speed, *Slow Int+4 Dex+7}
   (You found it on level 6 of the Dungeon)

   Attacks with this weapon are significantly faster.
   Int:       It affects your intelligence (+4).
   Dex:       It affects your dexterity (+7).
   *Slow:     It may slow you when you take damage.
 Z - a +3 long sword
Missiles
 d - 13 poisoned darts (quivered)
 e - 4 curare-tipped darts
 z - 6 boomerangs
 D - 3 silver boomerangs
 V - 31 stones
Armour
 f - a +2 buckler (worn)
 h - a +0 ring mail
 p - a +0 robe
 q - a +2 helmet (worn)
 r - a +0 leather armour
 x - a +2 robe of resistance
 y - a +0 cloak (worn)
 G - a +0 chain mail
 K - the +1 robe of the Okapi {rN+}
   (You found it on level 4 of the Dungeon)

   rN:        It protects you from negative energy.
 S - a +2 chain mail of poison resistance (worn)
Jewellery
 m - an amulet of reflection
 t - a ring of magical power (left hand)
 u - an amulet of magic regeneration (around neck)
 H - a +6 ring of intelligence (right hand)
 Q - a ring of ice
 U - a ring of ice
Wands
 O - a wand of mindburst (11)
 R - a wand of flame (25)
Scrolls
 l - 4 scrolls of fear
 v - 4 scrolls of butterflies
 B - a scroll of immolation
 I - a scroll of identify
 W - a scroll of poison {unknown}
 Y - a scroll of magic mapping {unknown}
Potions
 g - 4 potions of mutation
 i - 2 potions of magic {unknown}
 n - a potion of haste {unknown}
 o - 2 potions of resistance {unknown}
 s - a potion of lignification {unknown}
 w - 4 potions of curing {unknown}
 A - a potion of brilliance {unknown}
 L - 2 potions of degeneration {unknown}
 N - 2 potions of heal wounds {unknown}
 P - a potion of flight {unknown}


   Skills:
 + Level 6.5 Fighting
 + Level 6.5 Short Blades
 + Level 4.5 Long Blades
 + Level 4.5 Axes
 + Level 4.5 Maces & Flails
 + Level 4.5 Polearms
 + Level 4.5 Staves
 + Level 4.5 Ranged Weapons
 + Level 6.5 Throwing
 + Level 4.5 Armour
 + Level 5.3 Dodging
 + Level 9.1 Stealth
 + Level 4.5 Shields
 + Level 4.5 Unarmed Combat
 + Level 4.5 Spellcasting
 + Level 3.7 Conjurations
 + Level 3.7 Hexes
 + Level 3.7 Summonings
 + Level 3.7 Necromancy
 + Level 3.7 Translocations
 + Level 3.7 Transmutations
 + Level 3.7 Fire Magic
 + Level 3.7 Ice Magic
 + Level 3.7 Air Magic
 + Level 3.7 Earth Magic
 + Level 3.7 Poison Magic
 + Level 5.0 Invocations
 + Level 4.5 Evocations


You had 17 spell levels left.
You didn't know any spells.
Your spell library contained the following spells:

 Spells                   Type           Power      Damage    Failure   Level
 Beastly Appendage        Tmut           34%        N/A       65%         1
 Static Discharge         Conj/Air       17%        3-6/arc   78%         2
 Wereblood                Tmut           17%        N/A       78%         2
 Ozocubu's Armour         Ice            17%        N/A       95%         3
 Spider Form              Tmut/Pois      17%        N/A       95%         3
 Dispel Undead            Necr           17%        3d10      100%        4
 Sticky Flame             Conj/Fire      17%        2d4       100%        4
 Ozocubu's Refrigeration  Ice            8%         4d6       100%        7


Dungeon Overview and Level Annotations

Branches:
Dungeon (7/15)             Temple (0/1) D:7

Altars:
Gozag
Okawaru
Qazlal
Yredelemnul
The Shining One

Shops:
D:6 *


Innate Abilities, Weirdness & Mutations

You have very sharp teeth.
Your uncanny sense of smell can sniff out nearby items.
Your experience applies equally to all skills.


Message History

You hit the two-headed ogre but do no damage.
Your bite misses the two-headed ogre.
The two-headed ogre is lightly wounded.
You hit the two-headed ogre.
Lightning courses through the two-headed ogre!!
The two-headed ogre is heavily wounded.
The two-headed ogre completely misses you.
The two-headed ogre hits you but does no damage.
You hit the two-headed ogre but do no damage.
The two-headed ogre is heavily wounded.
You barely miss the two-headed ogre.
The two-headed ogre is heavily wounded.
The two-headed ogre hits you with a +0 giant club!
The two-headed ogre closely misses you.
You hit the two-headed ogre.
The two-headed ogre is severely wounded.
You hit the two-headed ogre but do no damage.
The two-headed ogre is severely wounded.
The two-headed ogre hits you with a +0 giant club.
The two-headed ogre hits you but does no damage.
You closely miss the two-headed ogre.
You bite the two-headed ogre, but do no damage.
The two-headed ogre is severely wounded.
You block the two-headed ogre's attack.
The two-headed ogre hits you with a +0 giant spiked club.
You hit the two-headed ogre but do no damage.
Your bite misses the two-headed ogre.
The two-headed ogre is severely wounded.
You hit the two-headed ogre.
The two-headed ogre is almost dead.
The two-headed ogre hits you with a +0 giant club!!
* * * LOW HITPOINT WARNING * * *
You block the two-headed ogre's attack.
You barely miss the two-headed ogre.
The two-headed ogre is almost dead.
You hit the two-headed ogre but do no damage.
The two-headed ogre is almost dead.
The two-headed ogre closely misses you.
The two-headed ogre hits you with a +0 giant spiked club!
You die...

#
##..###....###.......#
##...## ##..##..###
..###..## ##..#..#
#.....## ##
##..###..##... ##
#.....#####.#
##...)####...
.#####.....))..#
###(....##..##
...###..####...#
###.(..#.....##
........#
###.###.((.#....##..#
#.......#
##..O(####....# .#
........# #..@###
#.....# .# ........#
#.##..# #.#....# #
..........#.. ##..#
#.#.....# ####.####...
#..#.....#...# #.#
##.# .......###... #.#
. .####..# ... .## #
... .. . .##. ## #.


You could see a two-headed ogre (very poisoned).

Vanquished Creatures
  Sigmund (D:1)
  A steam dragon (D:6)
  2 ice beasts (D:5)
  2 sky beasts (D:7)
  2 black bears (D:5)
  A centaur (D:6)
  3 bullfrogs
  A kobold brigand (D:6)
  3 necrophages
  A scorpion (D:6)
  A wight (D:7)
  6 howler monkeys
  3 hounds
  4 jellies
  6 orc priests
  4 iguanas
  5 orc wizards
  Robin (D:2)
  6 adders
  A white imp (D:6)
  3 worms (D:3)
  27 orcs
  3 ball pythons
  5 bats
  7 endoplasms
  3 giant cockroaches
  13 goblins
  13 hobgoblins
  A quokka (D:2)
  2 frilled lizards
  25 kobolds
  6 rats
  A spectral orc (D:6)
163 creatures vanquished.

Vanquished Creatures (others)
  10 plants (D:6)
10 creatures vanquished.

Grand Total: 173 creatures vanquished

Notes
Turn   | Place    | Note
-------+----------+-------------------------------------------
     0 | D:1      | jimonade the Gnoll Brigand began the quest for the Orb.
     0 | D:1      | Reached XP level 1. HP: 20/20 MP: 1/1
   165 | D:1      | Found a faded altar of an unknown god.
   177 | D:1      | Reached XP level 2. HP: 26/26 MP: 2/2
   732 | D:2      | Noticed Robin
   737 | D:2      | Reached XP level 3. HP: 28/31 MP: 3/3
   774 | D:1      | Reached skill level 1 in Invocations
  1336 | D:2      | Killed Robin
  1337 | D:2      | Reached skill level 1 in Long Blades
  1337 | D:2      | Reached skill level 1 in Axes
  1337 | D:2      | Reached skill level 1 in Maces & Flails
  1337 | D:2      | Reached skill level 1 in Polearms
  1337 | D:2      | Reached skill level 1 in Staves
  1337 | D:2      | Reached skill level 1 in Ranged Weapons
  1337 | D:2      | Reached skill level 1 in Armour
  1337 | D:2      | Reached skill level 1 in Shields
  1337 | D:2      | Reached skill level 1 in Unarmed Combat
  1337 | D:2      | Reached skill level 1 in Spellcasting
  1337 | D:2      | Reached skill level 1 in Evocations
  1527 | D:2      | Found an iron altar of Okawaru.
  1587 | D:2      | Became a worshipper of Warmaster Okawaru
  1612 | D:2      | Reached XP level 4. HP: 38/38 MP: 5/5
  1614 | D:2      | Reached skill level 1 in Conjurations
  1614 | D:2      | Reached skill level 1 in Hexes
  1614 | D:2      | Reached skill level 1 in Summonings
  1614 | D:2      | Reached skill level 1 in Necromancy
  1614 | D:2      | Reached skill level 1 in Translocations
  1614 | D:2      | Reached skill level 1 in Transmutations
  1614 | D:2      | Reached skill level 1 in Fire Magic
  1614 | D:2      | Reached skill level 1 in Ice Magic
  1614 | D:2      | Reached skill level 1 in Air Magic
  1614 | D:2      | Reached skill level 1 in Earth Magic
  1614 | D:2      | Reached skill level 1 in Poison Magic
  2110 | D:2      | Noticed Sigmund
  3236 | D:1      | Killed Sigmund
  3237 | D:1      | Reached skill level 5 in Fighting
  3237 | D:1      | Reached skill level 5 in Short Blades
  3237 | D:1      | Reached skill level 5 in Throwing
  3237 | D:1      | Reached skill level 8 in Stealth
  3237 | D:1      | Reached XP level 5. HP: 19/44 MP: 8/8
  3237 | D:1      | Reached XP level 6. HP: 22/51 MP: 9/9
  4368 | D:3      | Reached * piety under Okawaru
  4398 | D:3      | Found a stormy altar of Qazlal.
  4445 | D:3      | Found a glowing golden altar of the Shining One.
  4909 | D:3      | You fall into a shaft and drop 2 floors!
  4909 | D:5      | Entered Level 5 of the Dungeon
  4942 | D:5      | Reached XP level 7. HP: 53/56 MP: 10/10
  4985 | D:5      | Found an opulent altar of Gozag.
  5128 | D:4      | Identified the +1 robe of the Okapi {rN+}
  6730 | D:5      | Reached ** piety under Okawaru
  6731 | D:5      | Reached XP level 8. HP: 63/63 MP: 12/12
  7476 | D:6      | Found Plog's Hallowed Reliquary.
  7478 | D:6      | Noticed an angel
  7753 | D:6      | Found a basalt altar of Yredelemnul.
  7947 | D:6      | Reached *** piety under Okawaru
  8532 | D:6      | Reached XP level 9. HP: 67/69 MP: 14/14
  8728 | D:6      | Identified the +7 dagger of Fate {speed, *Slow Int+4 Dex+7}
  9337 | D:7      | Reached skill level 5 in Dodging
  9418 | D:7      | Reached skill level 9 in Stealth
  9992 | D:7      | Found a staircase to the Ecumenical Temple.
 10203 | D:7      | Reached skill level 5 in Invocations
 10328 | D:7      | Noticed a two-headed ogre
 10355 | D:7      | Slain by a two-headed ogre

Illustrated notes

Levels and vault maps discovered:
D:1:      dpeg_arrival_long_road, layout_rooms,
          shapermc_ecumenical_altar_totnotflames, minmay_crystal_water,
          interstate_on_off
D:2:      layout_basic, basic_altar, uniq_robin, uniq_sigmund
D:3:      layout_basic, grunt_qazlal_clouds, tso_metal_star, st_stairs_7,
          kennysheep_path_1
D:4:      layout_basic
D:5:      layout_gridville, grunt_gozag_breadcrumbs
D:6:      kennysheep_kobold_camp, layout_basic,
          yredelemnul_forgotten_temple_becter, nicolae_ossuary_entry_monument,
          nicolae_good_shop
D:7:      layout_layer_cave, temple_doors_ab, enter_bailey_2,
          minmay_misc_feat_rugged

Skill      XL: |  1  2  3  4  5  6  7  8  9 |
---------------+----------------------------+-----
Invocations    | 1 2 3 4 5 |  5.0
Long Blades    | 1 2 3 4 |  4.5
Axes           | 1 2 3 4 |  4.5
Maces & Flails | 1 2 3 4 |  4.5
Polearms       | 1 2 3 4 |  4.5
Staves         | 1 2 3 4 |  4.5
Ranged Weapons | 1 2 3 4 |  4.5
Armour         | 1 2 3 4 |  4.5
Shields        | 1 2 3 4 |  4.5
Unarmed Combat | 1 2 3 4 |  4.5
Spellcasting   | 1 2 3 4 |  4.5
Evocations     | 1 2 3 4 |  4.5
Conjurations   | 1 2 3 |  3.7
Hexes          | 1 2 3 |  3.7
Summonings     | 1 2 3 |  3.7
Necromancy     | 1 2 3 |  3.7
Translocations | 1 2 3 |  3.7
Transmutations | 1 2 3 |  3.7
Fire Magic     | 1 2 3 |  3.7
Ice Magic      | 1 2 3 |  3.7
Air Magic      | 1 2 3 |  3.7
Earth Magic    | 1 2 3 |  3.7
Poison Magic   | 1 2 3 |  3.7
Fighting       | 5 6 |  6.5
Short Blades   | 5 6 |  6.5
Throwing       | 5 6 |  6.5
Dodging        | 3 4 5 |  5.3
Stealth        | 8 9 |  9.1

Action                   |  1- 3 |  4- 6 |  7- 9 || total
-------------------------+-------+-------+-------++-------
Melee: Dagger            |    92 |    22 |       ||   114
       Bite              |     4 |    18 |    58 ||    80
       Spear             |       |   111 |       ||   111
       Short sword       |       |    84 |   416 ||   500
Throw: Dart              |       |     5 |     6 ||    11
Invok: Heroism           |       |       |     2 ||     2
  Use: Scroll            |       |       |     9 ||     9
 Stab: Sleeping          |    12 |     6 |     9 ||    27
Armor: Ring mail         |    24 |    24 |       ||    48
       Robe              |       |    21 |    25 ||    46
       Chain mail        |       |     5 |   130 ||   135
Dodge: Dodged            |    38 |    68 |   102 ||   208
Block: Buckler           |    22 |    46 |    96 ||   164

Table legend: (Time is in decaauts)
 A = Elapsed time spent in this place.
 B = Non-inter-level travel time spent in this place.
 C = Inter-level travel time spent in this place.
 D = Time resting spent in this place.
 E = Time spent auto-exploring this place.
 F = Levels seen in this place.
 G = Mean time per level.
                   A        B        C        D        E       F      G
               +--------+--------+--------+--------+--------+-----+--------+
         Total |  10256 |   9895 |    361 |   2112 |   5989 |   7 | 1465.1 |
       Dungeon |  10256 |   9895 |    361 |   2112 |   5989 |   7 | 1465.1 |
               +--------+--------+--------+--------+--------+-----+--------+

Top non-repeatable levels by time:
     D:1: 2433 daAuts
     D:3: 1671 daAuts
     D:6: 1657 daAuts
     D:2: 1551 daAuts
     D:7: 1282 daAuts
     D:4: 890 daAuts
     D:5: 768 daAuts
